AoeStats
← Gandalf

Coastal Forest

503246991Analyzed
2v2 RM · 1mo ago on Aug 30, 2026· 53m 17s· 4 players
Game mode
Random Map
Map size
Medium (4 player)
Population
200
Speed
Normal
Resources
Standard
Victory
Conquest
Starting age
Dark Age
Ending age
Imperial Age
RankedLock teamsTeams togetherTeam positionsShared explorationLock speedFull tech treeHidden civsTurbo modeCheats
Victory
Defeat
🇹🇷 Magyars · Türkiye
705
+17
🇫🇷 Khmer · France
689
+18
🇧🇷 Bulgarians · Brazil
733
-18
🇧🇷 Portuguese · Brazil
728
-17
SkyRaven
10:17 Feudal Age
9:33 Loom
12:25 Double-Bit Axe
12:23 Horse Collar
16:26 Fletching
16:52 Forging
19:20 Wheelbarrow
19:38 Town Watch
19:58 Gold Mining
23:28 Bloodlines
23:56 Scale Barding Armor
27:14 Stone Mining
28:31 Fishing Lines
31:31 Castle Age
32:29 Husbandry
31:56 Light Cavalry
33:10 Bow Saw
33:13 Gillnets
36:10 Iron Casting
35:58 Hand Cart
35:44 Town Patrol
37:23 Chain Barding Armor
37:30 Heavy Plow
40:48 Gold Shaft Mining
40:49 Stone Shaft Mining
43:52 Imperial Age
41:28 Fletching
47:19 Cavalier
47:33 Heavy Scorpion
48:23 Double Crossbow
52:15 Ballistics
52:01 Heated Shot
52:22 Masonry
53:13 Chemistry
52:09 Murder Holes
Alaz
9:37 Feudal Age
10:05 Double-Bit Axe
13:55 Scale Barding Armor
13:37 Horse Collar
14:15 Loom
14:58 Bloodlines
23:01 Castle Age
23:52 Bow Saw
23:05 Elite Skirmisher
24:31 Chain Barding Armor
24:18 Fletching
24:36 Stone Mining
27:00 Gold Mining
27:58 Padded Archer Armor
29:29 Husbandry
28:50 Light Cavalry
34:03 Corvinian Army
34:48 Thumb Ring
34:43 Bodkin Arrow
35:04 Leather Archer Armor
36:37 Gold Shaft Mining
36:51 Heavy Plow
38:42 Wheelbarrow
40:00 Ballistics
46:16 Imperial Age
43:34 Crossbowman
45:47 Hand Cart
45:17 Town Watch
45:35 Loom
46:34 Elite Magyar Huszar
47:18 Capped Ram
49:07 Two-Man Saw
48:45 Town Patrol
49:56 Crop Rotation
49:56 Parthian Tactics
50:01 Recurve Bow
50:35 Conscription
52:20 Heavy Cavalry Archer
Gandalf
1:12 Loom
5:51 Loom
11:58 Feudal Age
13:16 Wheelbarrow
12:28 Double-Bit Axe
12:26 Horse Collar
13:04 Town Watch
25:34 Castle Age
23:29 Man-at-Arms
28:35 Elite Skirmisher
30:07 Pikeman
35:38 Hand Cart
40:36 Husbandry
45:06 Bow Saw
49:19 Imperial Age
53:09 Onager
marcosjesse
12:15 Feudal Age
21:11 Horse Collar
30:47 Castle Age
31:22 Pikeman
32:33 Double-Bit Axe
37:26 Bow Saw
37:28 Caravan
37:37 Elite Skirmisher
Connection lost

Rejoining the realm…

Still unreachable

The connection could not be restored.

Session expired

The server has moved on; the page needs a fresh start.